 Dungeon Crawl Stone Soup version 0.19.0-19-g8c6edcc (webtiles) character file.

1876 JeffiDaFish the Cudgeler (level 9, -3/55 HPs)
             Began as a Gargoyle Fighter on Nov 14, 2016.
             Was an Initiate of Makhleb.
             Slain by Harvester's ghost (18 damage)
             ... on level 6 of the Dungeon.
             The game lasted 00:14:13 (5265 turns).

JeffiDaFish the Cudgeler (Gargoyle Fighter)         Turns: 5265, Time: 00:14:14

Health: -3/55      AC: 19    Str: 20    XL:     9   Next: 14%
Magic:  18/18      EV:  5    Int: 10    God:    Makhleb [......]
Gold:   313        SH: 14    Dex: 11    Spells: 1 memorised, 8 levels left

rFire  . . .     SeeInvis .     q - +4 mace
rCold  . . .     Gourm    .     g - +0 plate armour (curse)
rNeg   + . .     Faith    .     c - +4 shield
rPois  ∞         Spirit   .     (no helmet)
rElec  +         Reflect  .     m - +0 cloak
rCorr  +         Harm     .     (no gloves)
MR     .....                    (no boots)
Stlth  ..........               (no amulet)
                                n - ring of magical power
                                d - ring of resist corrosion

@: no status effects
A: negative energy resistance 1, electricity resistance, unbreathing,
petrification resistance, rot immunity, AC +5
a: Renounce Religion


You were on level 6 of the Dungeon.
You worshipped Makhleb.
Makhleb was noncommittal.
You were not hungry.

You visited 2 branches of the dungeon, and saw 7 of its levels.
You also visited: Ossuary.

You collected 313 gold pieces.

Inventory:

Hand Weapons
 q - a +4 mace (weapon)
Armour
 c - a +4 shield (worn)
 g - a cursed +0 plate armour (worn)
 m - a +0 cloak (worn)
Jewellery
 d - a ring of resist corrosion (left hand)
 n - a ring of magical power (right hand)
Scrolls
 e - 5 scrolls of teleportation
 j - 4 scrolls of magic mapping
 k - 6 scrolls of identify
Potions
 b - a potion of curing
 l - 5 potions of cancellation
Books
 a - a book of Necromancy

   Spells                             Type                      Level
   a - Pain                           Necromancy                   1
   b - Animate Skeleton               Necromancy                   1
   c - Vampiric Draining              Necromancy                   3
   d - Regeneration                   Charms/Necromancy            3
   e - Animate Dead                   Necromancy                   4
   f - Control Undead                 Necromancy                   4
Comestibles
 f - 3 bread rations
 h - 4 meat rations
 i - 8 fruits


   Skills:
 * Level 5.9 Fighting
 * Level 6.8 Maces & Flails
 * Level 6.3 Armour
 - Level 2.5 Dodging
 - Level 0.2 Stealth
 * Level 6.8 Shields
 + Level 0.5 Spellcasting
 + Level 1.0 Necromancy


You had 8 spell levels left.
You knew the following spells:

 Your Spells              Type           Power        Failure   Level  Hunger
a - Pain                  Necr           #...         100%        1    ##.....


Dungeon Overview and Level Annotations

Branches:
Dungeon (6/15)             Temple (1/1) D:4

Altars:
Ashenzari
Cheibriados
Dithmenos
Elyvilon
Fedhas
Gozag
Kikubaaqudgha
Makhleb
Nemelex Xobeh
Okawaru
Qazlal
Ru
Sif Muna
Vehumet
Xom
Zin

Shops:
D:5 [

Annotations:
D:6 Harvester's ghost, novice TrBe


Innate Abilities, Weirdness & Mutations

You are resistant to torment.
Your stone body is resilient. (AC +5)
You are immune to poison.
You resist negative energy. (rN+)
You are resistant to electric shocks. (rElec)
You can survive without breathing.
You are immune to petrification.
You are immune to rotting.


Message History

Harvester's ghost is heavily damaged.
Harvester's ghost hits you but does no damage.
You closely miss Harvester's ghost.
Harvester's ghost is heavily damaged.
Harvester's ghost hits you but does no damage.
You closely miss Harvester's ghost.
Harvester's ghost is heavily damaged.
Harvester's ghost hits you but does no damage.
Harvester's ghost hits you!
* * * LOW HITPOINT WARNING * * *
You are too injured to fight recklessly!
You are too injured to fight recklessly!
You are too injured to fight recklessly!
You hit Harvester's ghost.
Harvester's ghost is heavily damaged.
You block Harvester's ghost's attack.
You hit Harvester's ghost.
Harvester's ghost is severely damaged.
Harvester's ghost hits you!!
You die...

### #.# #.# ## ..# #.#
####.###... #.# #.#
#........# #.# #........#
#.# #########(.......#
######.# #................#
#......# #................#
#.########...............##
................@W......##
....................>..##
#.#.######........##..##
#.#..##...........# ..#
..../.#...........# ..#
.####.#......###### #.. ...
.#......# .##
....#.#.....(#
..^.#.#......#


You could see Harvester's ghost.

Vanquished Creatures
  Grinder (D:3)
  The ghost of quackv42 the Poker, an amateur NaWr (D:4)
  An ogre (D:4)
  9 scorpions
  3 howler monkeys
  2 vampire bats (D:5)
  2 centaur zombies (Ossuary)
  A crimson imp (D:5)
  2 human zombies (Ossuary)
  3 hounds
  An orc priest (D:4)
  Crazy Yiuf (D:3)
  3 orc wizards
  An iguana (D:6)
  3 worker ants
  A killer bee zombie (D:5)
  A big kobold zombie (Ossuary)
  A hound skeleton (D:5)
  2 mummies (Ossuary)
  5 adders
  8 scorpion zombies (Ossuary)
  A shadow imp (D:5)
  2 oozes
  An adder skeleton (D:5)
  3 worms
  A dart slug (D:2)
  2 leopard geckos
  12 orcs
  4 giant cockroaches
  11 goblins
  8 hobgoblins
  9 jackals
  6 kobolds
  A quokka (D:3)
  3 ball pythons (D:1)
  7 bats
  3 frilled lizards
  A gnoll zombie (Ossuary)
  A goblin zombie (Ossuary)
  A hobgoblin zombie (Ossuary)
  4 kobold zombies (Ossuary)
  A leopard gecko zombie (D:5)
  7 rats
141 creatures vanquished.

Vanquished Creatures (others)
  A scorpion (Ossuary)
  A mummy (Ossuary)
2 creatures vanquished.

Grand Total: 143 creatures vanquished

Notes
Turn   | Place    | Note
-------+----------+-------------------------------------------
     0 | D:1      | JeffiDaFish the Gargoyle Fighter began the quest for the Orb.
     0 | D:1      | Reached XP level 1. HP: 14/14 MP: 1/1
   131 | D:1      | Reached XP level 2. HP: 19/19 MP: 2/2
   545 | D:1      | Reached XP level 3. HP: 23/23 MP: 3/3
   983 | D:2      | Found a faded altar of an unknown god.
  1181 | D:2      | Reached XP level 4. HP: 11/29 MP: 4/4
  1650 | D:3      | Noticed Grinder
  1657 | D:3      | Killed Grinder
  1657 | D:3      | Reached skill level 1 in Dodging
  1657 | D:3      | Reached XP level 5. HP: 32/33 MP: 5/5
  1657 | D:3      | Reached XP level 6. HP: 37/38 MP: 6/6
  1916 | D:3      | Found a white marble altar of Elyvilon.
  2513 | D:3      | Found a runed door.
  2517 | D:3      | Noticed Crazy Yiuf
  2523 | D:3      | Killed Crazy Yiuf
  2523 | D:3      | Reached skill level 5 in Armour
  2678 | D:4      | Found a sand-covered staircase.
  2684 | Ossuary  | Entered an ossuary
  2704 | Ossuary  | Reached skill level 5 in Shields
  2739 | Ossuary  | Reached XP level 7. HP: 28/44 MP: 7/7
  3173 | Ossuary  | Reached skill level 5 in Maces & Flails
  3177 | Ossuary  | Reached skill level 5 in Fighting
  3186 | Ossuary  | Reached XP level 8. HP: 27/49 MP: 8/8
  3547 | D:4      | Found a shimmering altar of Xom.
  3553 | D:4      | Found a shadowy altar of Dithmenos.
  3646 | D:4      | Found an iron altar of Okawaru.
  3713 | D:4      | Found a shimmering altar of Xom.
  3714 | D:4      | Found a shimmering altar of Xom.
  3769 | D:4      | Noticed quackv42's ghost (amateur NaWr)
  3822 | D:4      | Killed quackv42's ghost
  3971 | D:4      | Found a staircase to the Ecumenical Temple.
  3980 | Temple   | Entered the Ecumenical Temple
  4042 | Temple   | Became a worshipper of Makhleb the Destroyer
  4102 | D:4      | Learned a level 1 spell: Pain
  4118 | D:5      | Entered Level 5 of the Dungeon
  4330 | D:5      | Found Boruemm's Armour Emporium.
  4663 | D:5      | Reached XP level 9. HP: 50/55 MP: 9/9
  4900 | D:6      | Reached skill level 1 in Necromancy
  4922 | D:6      | Found a glowing silver altar of Zin.
  4923 | D:6      | Noticed Harvester's ghost (novice TrBe)
  5265 | D:6      | Slain by Harvester's ghost

Skill      XL: |  1  2  3  4  5  6  7  8  9 |
---------------+----------------------------+-----
Armour         | 4 5 6 |  6.3
Fighting       | 4 5 |  5.9
Maces & Flails | 3 4 5 6 |  6.8
Dodging        | 1 2 |  2.5
Shields        | 4 5 6 |  6.8
Necromancy     | 1 |  1.0
Stealth        | |  0.2
Spellcasting   | |  0.5

Action                   |  1- 3 |  4- 6 |  7- 9 || total
-------------------------+-------+-------+-------++-------
Melee: Flail             |   141 |   158 |   262 ||   561
       Mace              |       |       |   131 ||   131
  Use: Potion            |     2 |     3 |     8 ||    13
       Scroll            |     5 |     3 |    11 ||    19
  Eat: Chunk             |     1 |     5 |     7 ||    13
       Fruit             |       |       |     3 ||     3
Armor: Scale mail        |    87 |   101 |   133 ||   321
       Plate armour      |       |       |     9 ||     9
Dodge: Dodged            |    52 |    49 |    88 ||   189
Block: Shield            |    77 |   110 |   299 ||   486
